 Dungeon Crawl Stone Soup version 0.22.1-2-g9c5b331383 (webtiles) character file.

704 Honti the Chopper (level 7, -11/61 HPs)
             Began as a Hill Orc Fighter on Dec 20, 2018.
             Mangled by an ogre
             ... wielding a +0 giant club
              (21 damage)
             ... on level 4 of the Dungeon.
             The game lasted 00:11:11 (3727 turns).

Honti the Chopper (Hill Orc Fighter)                Turns: 3727, Time: 00:11:12

Health: -11/61     AC: 14    Str: 20    XL:     7   Next: 67%
Magic:  7/7        EV:  4    Int:  8    God:
Gold:   164        SH: 10    Dex: 11    Spells: 6/6 levels left

rFire    . . .     SeeInvis .   a - +0 war axe
rCold    . . .     Gourm    .   c - +0 shield
rNeg     . . .     Faith    .   r - +0 plate armour
rPois    .         Spirit   .   k - +0 helmet
rElec    .         Reflect  .   u - +0 cloak
rCorr    .         Harm     .   (no gloves)
MR       .....                  (no boots)
Stlth    ..........             (no amulet)
HPRegen  0.20/turn              (no ring)
MPRegen  0.10/turn              (no ring)

@: no status effects
A: no striking features
a: no special abilities


You were on level 4 of the Dungeon.
You were not hungry.

You visited 1 branch of the dungeon, and saw 4 of its levels.
You also visited: Sewer.

You collected 164 gold pieces.

Inventory:

Hand Weapons
 a - a +0 war axe (weapon)
Armour
 c - a +0 shield (worn)
 k - a +0 helmet (worn)
 m - a scarf of spirit shield
 r - a +0 plate armour (worn)
 u - a +0 cloak (worn)
Wands
 x - a wand of random effects (22)
 y - a wand of disintegration (12)
Scrolls
 e - 3 scrolls of blinking
 n - 7 scrolls of teleportation
 o - a scroll of immolation {unknown}
 q - a scroll of magic mapping {unknown}
 t - 2 scrolls of fear {unknown}
 w - 2 scrolls of fog {unknown}
 A - a scroll of remove curse {unknown}
Potions
 b - 2 potions of curing
 g - 2 potions of berserk rage
 h - a potion of agility {unknown}
 i - a potion of brilliance {unknown}
 j - a potion of lignification {unknown}
 l - 2 potions of flight {unknown}
 s - 2 potions of heal wounds {unknown}
 v - a potion of haste {unknown}
 z - a potion of mutation {unknown}
Comestibles
 d - 8 chunks of flesh
 f - 5 rations


   Skills:
 + Level 5.6 Fighting
 * Level 7.2 Axes
 + Level 5.2 Armour
 + Level 5.1 Shields


You had 6 spell levels left.
You didn't know any spells.
Your spell library was empty.

Dungeon Overview and Level Annotations

Branches:
Dungeon (4/15)
 Temple: D:4-7

Altars:
Xom
The Shining One


Message History

You hit the ogre.
The ogre is severely wounded.
The ogre hits you with a giant club!!
You hit the ogre.
The ogre is severely wounded.
The ogre hits you with a giant club!
* * * LOW HITPOINT WARNING * * *
Your shield and plate armour prevent you from hitting the ogre.
The ogre is severely wounded.
You block the ogre's attack.
Your shield and plate armour prevent you from hitting the ogre.
The ogre is severely wounded.
You hit the ogre but do no damage.
The ogre is severely wounded.
The ogre hits you with a giant club!
* * * LOW HITPOINT WARNING * * *
You hit the ogre.
The ogre is almost dead.
The ogre hits you with a giant club!!
You die...

########...#...#...
<...=......###.#....
........#### #.#..
..".....# #.#.#
........# #.#.######
##############.........
#...........###
#.#######.#.# #@# #
#.....O# #........
.......... ....?......
%...........
.............
..............


You could see an ogre.

Vanquished Creatures
  A phantom (D:4)
  2 bullfrogs (Sewer)
  A scorpion (D:4)
  A hound (D:4)
  Jessica (D:3)
  An iguana (D:4)
  3 gnolls (D:3)
  8 adders
  23 oozes
  A worm (D:3)
  4 dart slugs
  13 leopard geckos
  3 orcs (D:4)
  17 giant cockroaches
  6 hobgoblins
  2 jackals (D:1)
  A quokka (D:3)
  10 ball pythons
  11 bats
  7 frilled lizards
  6 goblins
  12 kobolds
  A leopard gecko skeleton (D:4)
  6 rats
141 creatures vanquished.

Notes
Turn   | Place    | Note
-------+----------+-------------------------------------------
     0 | D:1      | Honti the Hill Orc Fighter began the quest for the Orb.
     0 | D:1      | Reached XP level 1. HP: 19/19 MP: 1/1
    75 | D:1      | Reached skill level 3 in Axes
   110 | D:1      | Reached XP level 2. HP: 27/27 MP: 2/2
   228 | D:1      | Reached XP level 3. HP: 20/33 MP: 3/3
  1096 | D:2      | Found a faded altar of an unknown god.
  1103 | D:2      | Reached skill level 4 in Axes
  1423 | D:3      | Reached XP level 4. HP: 38/40 MP: 4/4
  1481 | D:3      | Noticed Jessica
  1496 | D:3      | Killed Jessica
  1627 | D:3      | Found a glowing drain.
  1639 | D:3      | HP: 1/40 [gnoll/halberd (7)]
  1646 | D:3      | Reached XP level 5. HP: 2/47 MP: 5/5
  2009 | Sewer    | Entered a sewer
  2018 | Sewer    | Reached skill level 5 in Axes
  2247 | Sewer    | Reached XP level 6. HP: 53/53 MP: 6/6
  2399 | Sewer    | Reached skill level 5 in Fighting
  2399 | Sewer    | Reached skill level 6 in Axes
  2404 | Sewer    | Reached XP level 7. HP: 46/61 MP: 7/7
  2543 | D:3      | Found a shimmering altar of Xom.
  3035 | D:3      | Found a glowing golden altar of the Shining One.
  3092 | D:3      | Reached skill level 5 in Armour
  3360 | D:4      | Reached skill level 7 in Axes
  3360 | D:4      | Reached skill level 5 in Shields
  3727 | D:4      | Mangled by an ogre

Skill      XL: |  1  2  3  4  5  6  7 |
---------------+----------------------+-----
Axes           | 3 4 5 6 7 |  7.2
Fighting       | 4 5 |  5.6
Armour         | 4 5 |  5.2
Shields        | 4 5 |  5.1

Action                   |  1- 3 |  4- 6 |  7- 9 || total
-------------------------+-------+-------+-------++-------
Melee: War axe           |   116 |   215 |   140 ||   471
  Use: Potion            |       |     1 |       ||     1
       Scroll            |       |       |     6 ||     6
  Eat: Chunk             |     2 |     3 |     5 ||    10
Armor: Scale mail        |    48 |       |       ||    48
       Plate armour      |    21 |   167 |    72 ||   260
Dodge: Dodged            |    30 |    26 |    27 ||    83
Block: Shield            |    70 |   155 |    54 ||   279
